[Event "3rd Memorial Warakomska 2019"]
[Site "Suwalki"]
[Date "2019.08.11"]
[Round "8.30"]
[White "Czerw, Dawid"]
[Black "Kumala, Aleksander"]
[Result "0-1"]
[ECO "A40"]
[WhiteElo "2326"]
[BlackElo "2184"]
[Annotator "NA"]
[PlyCount "83"]
[EventDate "2019.08.05"]
[EventType "swiss"]
[EventCountry "POL"]
[SourceTitle "playchess.com"]
[Source "ChessBase"]
[SourceQuality "1"]
[TimeControl "40/5400+30:1800+30"]

1. d4 e6 2. c4 b6 3. e4 Bb7 4. Bd3 Bb4+ 5. Bd2 Bxd2+ 6. Nxd2 Qf6 7. Ngf3 Nc6 8. e5 Qf4 9. Nb3 f6 10. Qe2 O-O-O 11. a3 Nge7 12. exf6 gxf6 13. Qd2 Qg4 14. Rg1 a5 15. h3 Qh5 16. Qc2 Ng6 17. Bxg6 hxg6 18. O-O-O Ne7 19. Nbd2 Kb8 20. Kb1 Qf5 21. Rde1 a4 22. d5 Nc8 23. Qxf5 exf5 24. Kc2 b5 25. cxb5 Bxd5 26. Nd4 Nd6 27. b3 Rh4 28. Kc3 axb3 29. f3 Kb7 30. g3 Rxh3 31. N2xb3 Bxb3 32. Kxb3 Rh2 33. a4 Ra8 34. Ra1 Re8 35. Rae1 Re5 36. Rxe5 fxe5 37. Nc2 Rf2 38. Ne1 Kb6 39. Kb4 Rb2+ 40. Kc3 Rb1 41. f4 e4 42. Kd4 0-1

[Event "3rd Memorial Warakomska 2019"]
[Site "Suwalki"]
[Date "2019.08.11"]
[Round "8.31"]
[White "Sernecki, Franciszek"]
[Black "Kokoszczynski, Jan"]
[Result "1-0"]
[ECO "C78"]
[WhiteElo "2275"]
[BlackElo "2238"]
[Annotator "NA"]
[PlyCount "80"]
[EventDate "2019.08.05"]
[EventType "swiss"]
[EventCountry "POL"]
[SourceTitle "playchess.com"]
[Source "ChessBase"]
[SourceQuality "1"]
[TimeControl "40/5400+30:1800+30"]

1. e4 e5 2. Nf3 Nc6 3. Bb5 a6 4. Ba4 Nf6 5. O-O b5 6. Bb3 Be7 7. d3 O-O 8. Nc3 d6 9. a3 Be6 10. Nd5 Na5 11. Nxf6+ Bxf6 12. Bxe6 fxe6 13. b4 Nc6 14. c3 Qe8 15. Qb3 Qf7 16. a4 Rfb8 17. Be3 Qd7 18. Rfb1 Nd8 19. axb5 axb5 20. Ra3 Rxa3 21. Qxa3 Qc6 22. Ra1 d5 23. Qa7 Rb7 24. Qc5 h6 25. Ra8 Qxc5 26. Bxc5 dxe4 27. Nd2 Kf7 28. Nxe4 Be7 29. Bxe7 Kxe7 30. Nc5 Rb6 31. Rc8 Rc6 32. f3 Nf7 33. Rg8 Kf6 34. Rb8 Nd6 35. Kf2 Ke7 36. Ke3 Rb6 37. Rg8 Kf7 38. Rd8 Rc6 39. Kd2 Ke7 40. Rg8 Ne8 1-0

[Event "3rd Memorial Warakomska 2019"]
[Site "Suwalki"]
[Date "2019.08.11"]
[Round "8.32"]
[White "Kukula, Pawel"]
[Black "Mulet, Piotr"]
[Result "0-1"]
[ECO "D85"]
[WhiteElo "2209"]
[BlackElo "2244"]
[Annotator "NA"]
[PlyCount "72"]
[EventDate "2019.08.05"]
[EventType "swiss"]
[EventCountry "POL"]
[SourceTitle "playchess.com"]
[Source "ChessBase"]
[SourceQuality "1"]
[TimeControl "40/5400+30:1800+30"]

1. d4 Nf6 2. c4 g6 3. Nc3 d5 4. cxd5 Nxd5 5. Bd2 Bg7 6. e4 Nb6 7. Be3 O-O 8. h3 a5 9. Nf3 a4 10. a3 f5 11. exf5 Bxf5 12. g4 Be6 13. Ng5 Bb3 14. Qd2 Nc6 15. d5 Nxd5 16. Ne6 Ne5 17. Be2 Nxc3 18. Nxd8 Nxe2 19. Qxe2 Raxd8 20. O-O Nf3+ 21. Kg2 Bd5 22. Qd1 Bc6 23. Qc1 Nd2+ 24. Kg1 Nf3+ 25. Kg2 Nd4+ 26. Kh2 Rf3 27. Bxd4 Rxd4 28. Qe1 Re4 29. Qd1 Be5+ 30. Kg1 Rd4 31. Qe2 Rxh3 32. f3 Rxg4+ 33. Kf2 Rh2+ 34. Ke1 Rxe2+ 35. Kxe2 Rg2+ 36. Ke3 Rxb2 {[%emt 0:00:07] Kd4} 0-1

[Event "3rd Memorial Warakomska 2019"]
[Site "Suwalki"]
[Date "2019.08.11"]
[Round "8.33"]
[White "Klimkowski, Jan"]
[Black "Kubicka, Anna"]
[Result "1-0"]
[ECO "C41"]
[WhiteElo "1985"]
[BlackElo "2202"]
[Annotator "NA"]
[PlyCount "151"]
[EventDate "2019.08.05"]
[EventType "swiss"]
[EventCountry "POL"]
[SourceTitle "playchess.com"]
[Source "ChessBase"]
[SourceQuality "1"]
[TimeControl "40/5400+30:1800+30"]

1. e4 d6 2. d4 Nf6 3. Nc3 e5 4. Nf3 Nbd7 5. Bc4 Be7 6. O-O O-O 7. a4 c6 8. b3 Qc7 9. a5 h6 10. Bb2 Re8 11. Re1 Bf8 12. d5 cxd5 13. Nxd5 Nxd5 14. Bxd5 Nf6 15. Bc4 a6 16. Nd2 Bg4 17. Be2 Bxe2 18. Rxe2 d5 19. exd5 Nxd5 20. Nc4 Rad8 21. Rd2 Nb4 22. Rxd8 Rxd8 23. Qe2 f6 24. Rd1 Nc6 25. Bc3 Bb4 26. Bxb4 Nxb4 27. c3 Nc6 28. Rxd8+ Qxd8 29. b4 Ne7 30. h3 Qd5 31. Nb6 Qe6 32. Qe4 Nc6 33. Qg6 e4 34. Qg3 Kh7 35. Qe3 f5 36. Qc5 Ne5 37. Qd4 Nd3 38. Nd5 Qg6 39. Ne7 Nf4 40. Nxg6 Ne2+ 41. Kf1 Nxd4 42. Ne7 Nb5 43. Nxf5 Nxc3 44. Nd6 Nd5 45. b5 axb5 46. Nxb5 Kg6 47. Nd6 b6 48. a6 Nc7 49. a7 Na8 50. Ke2 Kf6 51. Ke3 Ke5 52. Nxe4 b5 53. f4+ Kd5 54. g4 Kc6 55. h4 Kb7 56. Nd6+ Kxa7 57. Nxb5+ Kb6 58. Nd4 Nc7 59. Ke4 Ne8 60. Ke5 Nf6 61. Kf5 Nd5 62. Kg6 Nxf4+ 63. Kxg7 h5 64. g5 Kc5 65. Nf5 Kd5 66. Kf6 Ke4 67. g6 Nd5+ 68. Kg5 Ke5 69. g7 Nf6 70. Nh6 Ke6 71. Kg6 Ke7 72. g8=Q Nxg8 73. Nxg8+ Kf8 74. Nf6 Ke7 75. Nxh5 Kf8 76. Nf6 1-0

[Event "3rd Memorial Warakomska 2019"]
[Site "Suwalki"]
[Date "2019.08.11"]
[Round "8.34"]
[White "Antolak, Julia"]
[Black "Advait, Bagri"]
[Result "1/2-1/2"]
[ECO "C97"]
[WhiteElo "2258"]
[BlackElo "1968"]
[Annotator "NA"]
[PlyCount "88"]
[EventDate "2019.08.05"]
[EventType "swiss"]
[EventCountry "POL"]
[SourceTitle "playchess.com"]
[Source "ChessBase"]
[SourceQuality "1"]
[TimeControl "40/5400+30:1800+30"]

1. e4 e5 2. Nf3 Nc6 3. Bb5 a6 4. Ba4 Nf6 5. O-O Be7 6. Re1 b5 7. Bb3 d6 8. c3 O-O 9. h3 Na5 10. Bc2 c5 11. d4 Qc7 12. Nbd2 Be6 13. d5 Bd7 14. Nf1 Nc4 15. b3 Nb6 16. Bd2 c4 17. Ne3 cxb3 18. axb3 a5 19. Nh2 a4 20. b4 g6 21. Bd3 Nh5 22. g3 Ng7 23. Qe2 f5 24. Bxb5 f4 25. Nef1 fxg3 26. Nxg3 Bxb5 27. Qxb5 Nc4 28. Bh6 Rfb8 29. Qc6 Qxc6 30. dxc6 Rb6 31. c7 Rc6 32. Ng4 Ne6 33. Ne3 Nxe3 34. Rxe3 Nxc7 35. Rd3 Nb5 36. Bd2 a3 37. Ne2 Rc4 38. f3 Kf7 39. Kf1 Ke6 40. Ke1 Nc7 41. Ra2 d5 42. exd5+ Nxd5 43. Kd1 h5 44. Bc1 Rd8 1/2-1/2

[Event "3rd Memorial Warakomska 2019"]
[Site "Suwalki"]
[Date "2019.08.11"]
[Round "8.35"]
[White "Jaroch, Karol"]
[Black "Bai, Adelard"]
[Result "1/2-1/2"]
[ECO "C55"]
[WhiteElo "2221"]
[BlackElo "2113"]
[Annotator "NA"]
[PlyCount "83"]
[EventDate "2019.08.05"]
[EventType "swiss"]
[EventCountry "POL"]
[SourceTitle "playchess.com"]
[Source "ChessBase"]
[SourceQuality "1"]
[TimeControl "40/5400+30:1800+30"]

1. e4 e5 2. Nf3 Nc6 3. Bc4 Nf6 4. d3 Be7 5. Nc3 d6 6. Bg5 Na5 7. Qe2 c6 8. a3 Nxc4 9. dxc4 Qc7 10. h3 Be6 11. O-O h6 12. Be3 O-O 13. Rad1 Rfd8 14. Bc1 Qb6 15. b3 Qa5 16. Bb2 Nh5 17. Kh2 Nf4 18. Qd2 Qc7 19. Ne2 Ng6 20. Ng3 d5 21. exd5 cxd5 22. Qe2 f6 23. Nd4 Bf7 24. Nb5 Qb6 25. cxd5 Nf4 26. Qg4 h5 27. Qf3 Bxd5 28. Ne4 Bxe4 29. Qxe4 Rxd1 30. Rxd1 Qxf2 31. Qxb7 Rd8 32. Rxd8+ Bxd8 33. Qa8 Kh7 34. Qe4+ Kh6 35. Nd6 g6 36. Nf7+ Kh7 37. Nxd8 Ne2 38. Qb7+ Kh8 39. Nf7+ Kg8 40. Nh6+ Kh8 41. Nf7+ Kg7 42. Nd8+ 1/2-1/2

[Event "3rd Memorial Warakomska 2019"]
[Site "Suwalki"]
[Date "2019.08.11"]
[Round "8.36"]
[White "Korbal, Arkadiusz"]
[Black "Dzhuguryan, Tygran"]
[Result "1-0"]
[ECO "A40"]
[WhiteElo "2178"]
[BlackElo "2230"]
[Annotator "NA"]
[PlyCount "81"]
[EventDate "2019.08.05"]
[EventType "swiss"]
[EventCountry "POL"]
[SourceTitle "playchess.com"]
[Source "ChessBase"]
[SourceQuality "1"]
[TimeControl "40/5400+30:1800+30"]

1. d4 Nf6 2. c4 e6 3. g3 Bb4+ 4. Nd2 Ne4 5. Ngf3 Qf6 6. Bg2 Bxd2+ 7. Bxd2 Nxd2 8. Qxd2 d6 9. O-O O-O 10. b4 Re8 11. Rfd1 a5 12. b5 Nd7 13. c5 dxc5 14. dxc5 Nxc5 15. Rac1 b6 16. Nd4 Bb7 17. Bxb7 Nxb7 18. Rxc7 Nc5 19. Nc6 h5 20. h4 e5 21. Qg5 Qxg5 22. hxg5 Kf8 23. Rd5 e4 24. Rxc5 bxc5 25. b6 Ra6 26. b7 Rb6 27. Nxa5 Rb2 28. Nc4 Rb1+ 29. Kg2 Rd8 30. f4 Rd4 31. Na3 Rb2 32. Rc8+ Ke7 33. b8=Q Rxb8 34. Rxb8 Rd2 35. Kf2 Rxa2 36. Nc4 Ra4 37. Ne3 g6 38. Rb7+ Ke6 39. Rc7 Ra5 40. Nc4 Rb5 41. Ne5 1-0

[Event "3rd Memorial Warakomska 2019"]
[Site "Suwalki"]
[Date "2019.08.11"]
[Round "8.37"]
[White "Bukojemski, Adam"]
[Black "Lis, Mateusz"]
[Result "1/2-1/2"]
[ECO "B44"]
[WhiteElo "2225"]
[BlackElo "2007"]
[Annotator "NA"]
[PlyCount "73"]
[EventDate "2019.08.05"]
[EventType "swiss"]
[EventCountry "POL"]
[SourceTitle "playchess.com"]
[Source "ChessBase"]
[SourceQuality "1"]
[TimeControl "40/5400+30:1800+30"]

1. e4 c5 2. Nf3 e6 3. d4 cxd4 4. Nxd4 Nc6 5. c4 Nf6 6. Nc3 Bb4 7. Nxc6 bxc6 8. Bd3 d5 9. cxd5 exd5 10. exd5 Nxd5 11. O-O Nxc3 12. bxc3 Be7 13. Qc2 h6 14. Rd1 Qc7 15. Qa4 Bd6 16. Qe4+ Be6 17. Be3 Kf8 18. h3 Bd5 19. Qa4 Bh2+ 20. Kf1 g6 21. c4 Be6 22. Rab1 Kg7 23. Qa6 Bc8 24. Qa3 Be6 25. Qa6 Bc8 26. Qa3 Be6 27. Be2 Bf4 28. Bc5 Bf5 29. Bd4+ Be5 30. Qg3 Rhe8 31. Bxe5+ Qxe5 32. Qxe5+ Rxe5 33. Rb7 a5 34. g4 Be6 35. Rd6 Re8 36. Ra7 h5 37. Rc7 1/2-1/2

[Event "3rd Memorial Warakomska 2019"]
[Site "Suwalki"]
[Date "2019.08.11"]
[Round "8.38"]
[White "Selbes, Tarik"]
[Black "Hoffmann, Yair"]
[Result "0-1"]
[ECO "D48"]
[WhiteElo "2342"]
[BlackElo "2099"]
[Annotator "NA"]
[PlyCount "64"]
[EventDate "2019.08.05"]
[EventType "swiss"]
[EventCountry "POL"]
[SourceTitle "playchess.com"]
[Source "ChessBase"]
[SourceQuality "1"]
[TimeControl "40/5400+30:1800+30"]

1. d4 d5 2. c4 c6 3. e3 Nf6 4. Nc3 e6 5. Nf3 Nbd7 6. Bd3 dxc4 7. Bxc4 b5 8. Bd3 a6 9. O-O Bb7 10. e4 c5 11. d5 c4 12. Bc2 Qc7 13. h3 O-O-O 14. Bg5 h6 15. Bh4 Bd6 16. Nd4 Nc5 17. b4 cxb3 18. axb3 b4 19. Na4 Nxa4 20. Rxa4 exd5 21. Bxf6 gxf6 22. exd5 Bxd5 23. Bf5+ Kb8 24. Rxa6 Rhg8 25. Bg4 Bb7 26. Qd3 Be5 27. Bf3 Bxd4 28. Qb5 Kc8 29. Rfa1 Bxa1 30. Bxb7+ Qxb7 31. Rc6+ Kb8 32. Rb6 Rd1+ 0-1

[Event "3rd Memorial Warakomska 2019"]
[Site "Suwalki"]
[Date "2019.08.11"]
[Round "8.39"]
[White "Leskiewicz, Ignacy"]
[Black "Czopor, Maciej"]
[Result "0-1"]
[ECO "B81"]
[WhiteElo "2120"]
[BlackElo "2250"]
[Annotator "NA"]
[PlyCount "74"]
[EventDate "2019.08.05"]
[EventType "swiss"]
[EventCountry "POL"]
[SourceTitle "playchess.com"]
[Source "ChessBase"]
[SourceQuality "1"]
[TimeControl "40/5400+30:1800+30"]

1. e4 c5 2. Nf3 e6 3. Nc3 d6 4. d4 cxd4 5. Nxd4 Nf6 6. g4 a6 7. g5 Nfd7 8. Be3 b5 9. Qd2 Bb7 10. f3 Nb6 11. O-O-O N8d7 12. Nb3 Rc8 13. a3 Ne5 14. Na5 Ba8 15. f4 Nbc4 16. Nxc4 Nxc4 17. Bxc4 Rxc4 18. f5 Bxe4 19. Nxe4 Rxe4 20. g6 hxg6 21. fxg6 f5 22. h4 Be7 23. Kb1 Rhxh4 24. Rxh4 Rxh4 25. Qc3 Kf8 26. Bd4 Qe8 27. Bxg7+ Kg8 28. Bf6 Rc4 29. Rh1 Qxg6 30. Qxc4 bxc4 31. Bxe7 d5 32. Bc5 Kf7 33. Bd4 f4 34. Rg1 Qe4 35. Bc3 d4 36. Bd2 e5 37. Kc1 c3 0-1

[Event "3rd Memorial Warakomska 2019"]
[Site "Suwalki"]
[Date "2019.08.11"]
[Round "8.40"]
[White "Sowul, Bartosz"]
[Black "Bachor, Tomasz"]
[Result "0-1"]
[ECO "A04"]
[WhiteElo "2210"]
[BlackElo "2022"]
[Annotator "NA"]
[PlyCount "106"]
[EventDate "2019.08.05"]
[EventType "swiss"]
[EventCountry "POL"]
[SourceTitle "playchess.com"]
[Source "ChessBase"]
[SourceQuality "1"]
[TimeControl "40/5400+30:1800+30"]

1. Nf3 b6 2. e4 Bb7 3. Nc3 e6 4. d4 Bb4 5. Bd3 Nf6 6. Nd2 d5 7. e5 Nfd7 8. Qg4 g6 9. h4 h5 10. Qg3 Rg8 11. a3 Be7 12. Nf3 c5 13. Ng5 Nf8 14. Nb5 a6 15. Nd6+ Bxd6 16. exd6 cxd4 17. O-O Qd7 18. Qe5 Nc6 19. Qf6 Ra7 20. b4 Ba8 21. b5 axb5 22. Bxb5 Qxd6 23. a4 Qd8 24. Qxd4 f6 25. Nf3 Kf7 26. Qe3 Ne7 27. Re1 Nf5 28. Qb3 Nd7 29. Bxd7 Rxd7 30. Rb1 Rd6 31. Bb2 Re8 32. Nd4 Nxh4 33. Ba3 Rd7 34. Qh3 Nf5 35. Nxf5 exf5 36. Re3 d4 37. Reb3 Re6 38. a5 Rb7 39. Bc5 Qd5 40. Rxb6 Rc7 41. Rxe6 Kxe6 42. Bb4 Kf7 43. Re1 Kg7 44. a6 g5 45. Qh2 Rxc2 46. f3 Kg6 47. Qb8 Bc6 48. Re7 Rxg2+ 49. Kh1 Ra2 50. Kg1 Rg2+ 51. Kh1 Rb2 52. Kg1 Rb1+ 53. Re1 Rxb4 0-1

[Event "3rd Memorial Warakomska 2019"]
[Site "Suwalki"]
[Date "2019.08.11"]
[Round "8.41"]
[White "Praczukowski, Stanislaw"]
[Black "Maj, Pawel"]
[Result "1-0"]
[ECO "E12"]
[WhiteElo "2166"]
[BlackElo "2127"]
[Annotator "NA"]
[PlyCount "61"]
[EventDate "2019.08.05"]
[EventType "swiss"]
[EventCountry "POL"]
[SourceTitle "playchess.com"]
[Source "ChessBase"]
[SourceQuality "1"]
[TimeControl "40/5400+30:1800+30"]

1. d4 Nf6 2. c4 e6 3. Nf3 b6 4. a3 Bb7 5. Nc3 d5 6. cxd5 Nxd5 7. e3 Be7 8. Bb5+ c6 9. Bd3 Nd7 10. O-O Qc7 11. Qe2 O-O 12. Qc2 h6 13. Nxd5 exd5 14. b3 Bd6 15. Bb2 Rfe8 16. Rac1 Rac8 17. Bh7+ Kh8 18. Bf5 Rcd8 19. Rfd1 Nb8 20. Ne5 Qe7 21. f4 c5 22. Qe2 Kg8 23. Bb1 Nd7 24. Qg4 cxd4 25. Nxd7 Qxd7 26. Bf5 Qe7 27. Bxd4 Qf8 28. b4 Bc8 29. Bxc8 Rxc8 30. Rxc8 Rxc8 31. Bxg7 1-0

[Event "3rd Memorial Warakomska 2019"]
[Site "Suwalki"]
[Date "2019.08.11"]
[Round "8.42"]
[White "Dmochowska, Agnieszka"]
[Black "Chan, Kim Yew"]
[Result "0-1"]
[ECO "B27"]
[WhiteElo "2126"]
[BlackElo "2276"]
[Annotator "NA"]
[PlyCount "84"]
[EventDate "2019.08.05"]
[EventType "swiss"]
[EventCountry "POL"]
[SourceTitle "playchess.com"]
[Source "ChessBase"]
[SourceQuality "1"]
[TimeControl "40/5400+30:1800+30"]

1. e4 c5 2. Nf3 g6 3. d4 Bg7 4. c4 d6 5. Be3 Nc6 6. Nc3 Qa5 7. Qd2 Bg4 8. dxc5 Bxf3 9. gxf3 dxc5 10. Nd5 Qxd2+ 11. Bxd2 O-O-O 12. O-O-O e6 13. Bc3 Bd4 14. Bxd4 Nxd4 15. Nc3 Nf6 16. e5 Nh5 17. Ne4 Nxf3 18. Nd6+ Kc7 19. Bg2 Nxe5 20. Nxb7 Rxd1+ 21. Rxd1 Nf4 22. Bh1 Nfd3+ 23. Kc2 Nxf2 24. Rf1 Neg4 25. Rg1 Nxh1 26. Rxg4 Kxb7 27. Rf4 f5 28. Rf1 Rd8 29. Rxh1 Rd4 30. b3 Rg4 31. Kc3 e5 32. a3 a5 33. b4 axb4+ 34. axb4 cxb4+ 35. Kxb4 Rd4 36. Kc5 Rd7 37. Rb1+ Kc7 38. Rb6 e4 39. Re6 Kd8 40. Kb6 Re7 41. Rf6 e3 42. c5 e2 0-1

[Event "3rd Memorial Warakomska 2019"]
[Site "Suwalki"]
[Date "2019.08.11"]
[Round "8.43"]
[White "Oborski, Artur"]
[Black "Szostko, Jakub"]
[Result "0-1"]
[ECO "D38"]
[WhiteElo "1969"]
[BlackElo "2245"]
[Annotator "NA"]
[PlyCount "70"]
[EventDate "2019.08.05"]
[EventType "swiss"]
[EventCountry "POL"]
[SourceTitle "playchess.com"]
[Source "ChessBase"]
[SourceQuality "1"]
[TimeControl "40/5400+30:1800+30"]

1. d4 Nf6 2. c4 e6 3. Nf3 d5 4. Nc3 Bb4 5. cxd5 exd5 6. Bg5 O-O 7. e3 h6 8. Bh4 Bf5 9. Qb3 Bxc3+ 10. bxc3 Nbd7 11. Be2 c5 12. Bg3 Qa5 13. O-O c4 14. Qb2 Ne4 15. Rfc1 Qb6 16. Qxb6 axb6 17. a4 Ra7 18. Bd1 Rfa8 19. Ne5 b5 20. Nxd7 Bxd7 21. f3 Nxg3 22. hxg3 bxa4 23. Ra3 Bc6 24. Bc2 b5 25. e4 Re8 26. Rb1 Rb7 27. exd5 Bxd5 28. Be4 Bxe4 29. fxe4 Rxe4 30. Rxa4 bxa4 31. Rxb7 Re3 32. Ra7 Rxg3 33. Rxa4 Rxc3 34. d5 Rd3 35. Rxc4 Rxd5 0-1

[Event "3rd Memorial Warakomska 2019"]
[Site "Suwalki"]
[Date "2019.08.11"]
[Round "8.44"]
[White "Czarniecka, Aleksandra"]
[Black "Lisowski, Krzysztof"]
[Result "1/2-1/2"]
[ECO "B33"]
[WhiteElo "2042"]
[BlackElo "2187"]
[Annotator "NA"]
[PlyCount "81"]
[EventDate "2019.08.05"]
[EventType "swiss"]
[EventCountry "POL"]
[SourceTitle "playchess.com"]
[Source "ChessBase"]
[SourceQuality "1"]
[TimeControl "40/5400+30:1800+30"]

1. e4 c5 2. Nf3 Nc6 3. d4 cxd4 4. Nxd4 Nf6 5. Nc3 e5 6. Ndb5 d6 7. Bg5 a6 8. Na3 b5 9. Nd5 Be7 10. Bxf6 Bxf6 11. c3 O-O 12. Nc2 Rb8 13. h4 g6 14. h5 Bg7 15. Be2 Ne7 16. Ncb4 Nxd5 17. Nxd5 Be6 18. Qd2 Bxd5 19. Qxd5 Qg5 20. Kf1 Rb6 21. Rd1 Bh6 22. hxg6 hxg6 23. Rh3 Kg7 24. b3 Qe7 25. c4 b4 26. Qa5 Rfb8 27. Rhd3 Rc6 28. Qd5 Qc7 29. Rf3 Rf8 30. Qd3 Bg5 31. Rh3 Qe7 32. Qd5 Qc7 33. Qd3 Qb6 34. Qg3 Qd8 35. Qh2 Rh8 36. Rxh8 Qxh8 37. Qxh8+ Kxh8 38. Bg4 Be7 39. Ke2 Kg7 40. g3 Kf6 41. Rd5 1/2-1/2

[Event "3rd Memorial Warakomska 2019"]
[Site "Suwalki"]
[Date "2019.08.11"]
[Round "8.45"]
[White "Balinski, Damian"]
[Black "Szczurek, Krzysztof"]
[Result "0-1"]
[ECO "A15"]
[WhiteElo "2176"]
[BlackElo "2104"]
[Annotator "NA"]
[PlyCount "74"]
[EventDate "2019.08.05"]
[EventType "swiss"]
[EventCountry "POL"]
[SourceTitle "playchess.com"]
[Source "ChessBase"]
[SourceQuality "1"]
[TimeControl "40/5400+30:1800+30"]

1. c4 Nf6 2. g3 g6 3. Bg2 Bg7 4. Nc3 O-O 5. d4 d6 6. e3 Nbd7 7. Nge2 e5 8. b3 Re8 9. O-O c6 10. a4 e4 11. Ba3 Nf8 12. h3 h5 13. b4 Bf5 14. d5 cxd5 15. cxd5 Qd7 16. Kh2 N8h7 17. Rc1 Ng5 18. Nf4 a6 19. Nb1 Nf3+ 20. Bxf3 exf3 21. Qxf3 Qxa4 22. Qd1 Qd7 23. Bb2 h4 24. gxh4 Re4 25. Bd4 Bxh3 26. Nxh3 Rxh4 27. Qf3 Ne4 28. Kg2 Rg4+ 29. Kh2 Rh4 30. Kg2 Bxd4 31. exd4 Rg4+ 32. Kh2 Kg7 33. Rg1 Rh4 34. Kg2 Rah8 35. Rh1 g5 36. Rcg1 Rg4+ 37. Kh2 Rf4 0-1

[Event "3rd Memorial Warakomska 2019"]
[Site "Suwalki"]
[Date "2019.08.11"]
[Round "8.46"]
[White "Wolanski, Michal"]
[Black "Checiak, Krzysztof"]
[Result "1-0"]
[ECO "A20"]
[WhiteElo "2007"]
[BlackElo "2057"]
[Annotator "NA"]
[PlyCount "105"]
[EventDate "2019.08.05"]
[EventType "swiss"]
[EventCountry "POL"]
[SourceTitle "playchess.com"]
[Source "ChessBase"]
[SourceQuality "1"]
[TimeControl "40/5400+30:1800+30"]

1. c4 e5 2. g3 Nf6 3. Bg2 d5 4. cxd5 Nxd5 5. Nf3 Nc6 6. O-O Be6 7. d4 exd4 8. Nxd4 Nxd4 9. Qxd4 c6 10. Nc3 Qb6 11. Qe5 Nxc3 12. bxc3 Qc5 13. Qc7 Qb6 14. Qe5 Qc5 15. Bf4 Qxe5 16. Bxe5 O-O-O 17. Bd4 a6 18. Rfb1 f6 19. Rb6 Kc7 20. Rab1 Bc8 21. R6b2 c5 22. Be3 b5 23. a4 bxa4 24. Ra2 Bd6 25. Rxa4 Rhe8 26. c4 g5 27. Ra5 Re5 28. Bd5 Kd7 29. Kf1 Rde8 30. Rb2 Rxe3 31. fxe3 Kc7 32. e4 h5 33. Rb3 Rh8 34. h4 g4 35. Kf2 Rf8 36. Ra1 f5 37. exf5 Rxf5+ 38. Kg2 Be5 39. Rab1 Rf8 40. Rf1 Rxf1 41. Kxf1 Bd7 42. Rb7+ Kd8 43. Kf2 a5 44. Ra7 a4 45. Bf7 Bb2 46. Bxh5 a3 47. Bg6 Be6 48. Bd3 Ke8 49. h5 Kf8 50. h6 Bf7 51. Ra8+ Ke7 52. h7 Be8 53. Rxa3 1-0

[Event "3rd Memorial Warakomska 2019"]
[Site "Suwalki"]
[Date "2019.08.11"]
[Round "8.48"]
[White "Nowak, Lukasz"]
[Black "Skawinski, Arkadiusz"]
[Result "1/2-1/2"]
[ECO "D52"]
[WhiteElo "2264"]
[BlackElo "2398"]
[Annotator "NA"]
[PlyCount "83"]
[EventDate "2019.08.05"]
[EventType "swiss"]
[EventCountry "POL"]
[SourceTitle "playchess.com"]
[Source "ChessBase"]
[SourceQuality "1"]
[TimeControl "40/5400+30:1800+30"]

1. d4 d5 2. c4 c6 3. Nf3 Nf6 4. Nc3 e6 5. Bg5 Nbd7 6. e3 Be7 7. Qc2 O-O 8. a3 b6 9. Bd3 Bb7 10. O-O dxc4 11. Bxc4 c5 12. Rfd1 Rc8 13. Qe2 cxd4 14. Nxd4 Qc7 15. Ba2 Rfd8 16. Rac1 Qb8 17. Bh4 Bd6 18. Bg3 Bxg3 19. hxg3 a6 20. Rc2 Qa8 21. f3 Qb8 22. g4 Nf8 23. Rcd2 h6 24. f4 Rc7 25. g5 hxg5 26. fxg5 Ne4 27. Nxe4 Bxe4 28. Qxa6 Rcd7 29. Qf1 Ng6 30. Nf3 Rxd2 31. Rxd2 Bxf3 32. Rxd8+ Qxd8 33. Qxf3 Qxg5 34. Bb1 f5 35. Ba2 Nf8 36. Qf4 Qxf4 37. exf4 Kf7 38. Kf2 Kf6 39. Ke3 e5 40. g3 Ne6 41. Bd5 g5 42. Bxe6 1/2-1/2

[Event "3rd Memorial Warakomska 2019"]
[Site "Suwalki"]
[Date "2019.08.12"]
[Round "9.18"]
[White "Kiolbasa, Oliwia"]
[Black "Kowalski, Igor"]
[Result "1-0"]
[ECO "B06"]
[WhiteElo "2239"]
[BlackElo "2320"]
[Annotator "ChessBase"]
[PlyCount "73"]
[EventDate "2019.08.05"]
[EventType "swiss"]
[EventCountry "POL"]
[SourceTitle "playchess.com"]
[Source "ChessBase"]
[SourceQuality "1"]
[TimeControl "40/5400+30:1800+30"]

1. e4 g6 2. d4 Bg7 3. Nc3 a6 4. Be3 d6 5. h4 h5 6. Qd2 b5 7. O-O-O Bb7 8. f3 Nd7 9. Kb1 Rc8 10. Nh3 c5 11. Ng5 cxd4 12. Bxd4 Bxd4 13. Qxd4 Ngf6 14. g3 O-O 15. g4 Qb6 16. Qd2 Rc7 17. Bd3 Ne5 18. gxh5 Nxh5 19. Rdg1 Rfc8 20. f4 Nxd3 21. Qxd3 Qc5 22. f5 Qe5 23. fxg6 fxg6 24. Nf3 Qg7 25. Nd4 Kh7 26. Ne6 Rxc3 27. bxc3 Qxc3 28. Qxc3 Rxc3 29. Ng5+ Kg7 30. Re1 Nf4 31. Kb2 Rc4 32. Rhg1 a5 33. Rg3 b4 34. a3 Rd4 35. Rf3 Ng2 36. Re2 bxa3+ 37. Kxa3 1-0

[Event "3rd Memorial Warakomska 2019"]
[Site "Suwalki"]
[Date "2019.08.12"]
[Round "9.19"]
[White "Sanz Wawer, Daniel"]
[Black "Punin, Andrii"]
[Result "1/2-1/2"]
[ECO "B01"]
[WhiteElo "2154"]
[BlackElo "2305"]
[Annotator "ChessBase"]
[PlyCount "35"]
[EventDate "2019.08.05"]
[EventType "swiss"]
[EventCountry "POL"]
[SourceTitle "playchess.com"]
[Source "ChessBase"]
[SourceQuality "1"]
[TimeControl "40/5400+30:1800+30"]

1. e4 d5 2. exd5 Qxd5 3. Nc3 Qd6 4. d4 Nf6 5. Nf3 a6 6. g3 Bg4 7. Bg2 c6 8. O-O e6 9. h3 Bxf3 10. Bxf3 Be7 11. Bf4 Qd8 12. Ne4 Nxe4 13. Bxe4 Nd7 14. Bg2 O-O 15. Qe2 Re8 16. Rad1 Bg5 17. Be5 Nxe5 18. Qxe5 1/2-1/2

[Event "3rd Memorial Warakomska 2019"]
[Site "Suwalki"]
[Date "2019.08.12"]
[Round "9.22"]
[White "Paszewski, Mateusz"]
[Black "Sernecki, Franciszek"]
[Result "0-1"]
[ECO "B36"]
[WhiteElo "2324"]
[BlackElo "2275"]
[Annotator "ChessBase"]
[PlyCount "90"]
[EventDate "2019.08.05"]
[EventType "swiss"]
[EventCountry "POL"]
[SourceTitle "playchess.com"]
[Source "ChessBase"]
[SourceQuality "1"]
[TimeControl "40/5400+30:1800+30"]

1. e4 c5 2. Nf3 Nc6 3. d4 cxd4 4. Nxd4 g6 5. c4 Nf6 6. Nc3 Nxd4 7. Qxd4 d6 8. f3 Bg7 9. Be3 O-O 10. Qd2 a5 11. Na4 Nd7 12. O-O-O b6 13. h4 Ba6 14. Kb1 Rc8 15. Rc1 Nc5 16. Nc3 h5 17. Bh6 e5 18. Bg5 f6 19. Be3 Ne6 20. Nd5 Nd4 21. Bd3 Bb7 22. Rhg1 Bxd5 23. cxd5 Qd7 24. Rcf1 b5 25. g4 hxg4 26. Bxd4 exd4 27. Rxg4 Kh7 28. Qg2 Bh6 29. f4 Rg8 30. Rg1 Qf7 31. Qf2 Qa7 32. Qg2 Qf7 33. Qf2 Qa7 34. Bxb5 a4 35. a3 Rb8 36. Bd3 Qc5 37. Rc1 Qxa3 38. Qxd4 Rb4 39. Bc4 Qf3 40. Rcg1 Rgb8 41. R4g2 Bxf4 42. Qxf6 Qxe4+ 43. Ka1 Be5 44. Qf7+ Kh8 45. Rg4 Qc2 0-1